 Dungeon Crawl Stone Soup version 0.30-a0-778-g2ef04afb54 (webtiles) character file.

Game seed: 13497757398645825142

210 Shayle the Conjurer (level 5, -2/38 HPs)
             Began as a Demonspawn Conjurer on Feb 15, 2023.
             Slain by Crazy Yiuf
             ... wielding a +3 quarterstaff of chaos
              (15 damage)
             ... while paralysed by Crazy Yiuf
             ... on level 2 of the Dungeon.
             The game lasted 00:07:29 (2410 turns).

Shayle the Conjurer (Demonspawn Conjurer)           Turns: 2410, Time: 00:07:30

Health: -2/38      AC:  6    Str:  7    XL:     5   Next: 57%
Magic:  6/9        EV:  2    Int: 22    God:
Gold:   109        SH:  0    Dex: 11    Spells: 6/9 levels left

rFire   . . .      SeeInvis .    b - +0 flail
rCold   . . .      Faith    .    (no shield)
rNeg    . . .      Spirit   .    l - +1 animal skin
rPois   .          Reflect  .    m - +0 helmet
rElec   .          Harm     .    (no cloak)
rCorr   .          Rampage  .    (no gloves)
Will    .....                    (no boots)
Stlth   ++                       (no amulet)
HPRegen 0.26/turn                (no ring)
MPRegen 0.11/turn                (no ring)

@: paralysed, hasted and slowed
A: hooves 2, thin metallic scales 1
a: no special abilities


You were on level 2 of the Dungeon.
You visited 1 branch of the dungeon, and saw 2 of its levels.

You collected 109 gold pieces.

Inventory:

Hand Weapons
 b - a +0 flail (weapon)
Armour
 a - a +0 robe
 k - an orb of guile
 l - a +1 animal skin (worn)
 m - a +0 helmet (worn)
Scrolls
 c - a scroll of noise {unknown}
 f - a scroll of vulnerability {unknown}
 g - 2 scrolls of identify {unknown}
 h - 2 scrolls of acquirement {unknown}
 o - a scroll of fear {unknown}
Potions
 d - a potion of berserk rage {unknown}
 e - 2 potions of mutation {unknown}
 i - 2 potions of heal wounds {unknown}
 j - a potion of curing {unknown}
 n - 2 potions of degeneration {unknown}


   Skills:
 + Level 2.0 Fighting
 + Level 2.7 Dodging
 + Level 2.9 Stealth
 + Level 2.8 Spellcasting
 + Level 4.6 Conjurations
 + Level 1.4 Hexes


You had 6 spell levels left.
You knew the following spells:

 Your Spells              Type           Power      Damage    Failure   Level
a - Magic Dart            Conj           92%        1d7       1%          1
b - Searing Ray           Conj           46%        2d6       2%          2

Your spell library contained the following spells:

 Spells                   Type           Power      Damage    Failure   Level
 Dazzling Flash           Conj/Hex       32%        N/A       11%         3
 Fulminant Prism          Conj/Hex       8%         3d7       34%         4
 Iskenderun's Mystic Bla  Conj/Tloc      13%        2d5       43%         4


Dungeon Overview and Level Annotations

Branches:
Dungeon (2/15)

Altars:

Annotations:
D:2 Crazy Yiuf


Innate Abilities, Weirdness & Mutations

You have hoof-like feet.
You are partially covered in thin metallic scales. (AC +2)


Message History

Natasha hisses angrily.
Natasha casts a spell at you. The magic dart hits you!
Natasha mumbles some strange words.
Natasha glows brightly for a moment.
Casting: Magic Dart (safe; 1% risk of failure)
Confirm with . or Enter, or press ? or * to list all spells.
Aiming: Searing Ray (safe; 3% risk of failure)
Press: ? - help, Shift-Dir - straight line, f/p - Natasha
Aim: Natasha (moderately wounded, 72% to hit)
The searing ray hits Natasha.
Natasha is moderately wounded. (Press . to maintain the ray.)
The searing ray hits Natasha.
Natasha is severely wounded.
The searing ray hits Natasha.
You kill Natasha!
You feel Natasha's spirit has finally been put to rest.
Your Fighting skill increases to level 2!
n - 2 fizzy yellow potions (gained 1) HP restored.
Crazy Yiuf shouts!
You open the door.
Casting: Searing Ray (safe; 2% risk of failure)
Confirm with . or Enter, or press ? or * to list all spells.
Aiming: Searing Ray (safe; 2% risk of failure)
Press: ? - help, Shift-Dir - straight line, f - Crazy Yiuf
Aim: Crazy Yiuf, wielding a +3 quarterstaff of chaos and wearing a +1 cloak of stealth (81% to hit)
The searing ray hits Crazy Yiuf but does no damage. (Press . to maintain the ray.) Crazy Yiuf hits you with a +3 quarterstaff of chaos!
You feel yourself speed up.
The searing ray hits Crazy Yiuf.
Crazy Yiuf is moderately wounded.
Crazy Yiuf hits you with a +3 quarterstaff of chaos!
You suddenly lose the ability to move!
Crazy Yiuf hits you with a +3 quarterstaff of chaos. x2
You feel yourself slow down.
Crazy Yiuf hits you with a +3 quarterstaff of chaos!
You die...

#...######
#....###..#
#####
##..## #..#
♣.PPP♣ #..#
♣♣...♣ ####
♣♣.♣♣ ♣♣.♣
♣.♣♣ ♣♣.♣
♣@♣♣ #g#
... #...#
#)..# #####


You could see Crazy Yiuf.

Vanquished Creatures
  Jessica (D:2)
  Terence (D:1)
  Natasha (thrice) (D:2)
  Robin (D:1)
  2 adders (D:2)
  2 worms (D:2)
  2 dart slugs (D:2)
  3 endoplasms
  2 giant cockroaches (D:2)
  9 goblins
  6 hobgoblins
  8 kobolds
  A quokka (D:2)
  4 ball pythons
  2 bats
  3 rats
50 creatures vanquished.

Notes
Turn   | Place    | Note
-------+----------+-------------------------------------------
     0 | D:1      | Shayle the Demonspawn Conjurer began the quest for the Orb.
     0 | D:1      | Reached XP level 1. HP: 13/13 MP: 3/3
   271 | D:1      | Gained mutation: You have large cloven feet. [demonic
                  | ancestry]
   271 | D:1      | Reached XP level 2. HP: 20/20 MP: 3/5
   766 | D:1      | Learned a level 2 spell: Searing Ray
  1000 | D:2      | Noticed Terence
  1015 | D:1      | Killed Terence
  1016 | D:1      | Reached skill level 1 in Fighting
  1016 | D:1      | Gained mutation: You are partially covered in thin metallic
                  | scales. (AC +2) [demonic ancestry]
  1016 | D:1      | Reached XP level 3. HP: 10/26 MP: 3/6
  1356 | D:2      | Noticed Jessica
  1365 | D:2      | Noticed Robin
  1460 | D:2      | Killed Jessica
  1461 | D:2      | Reached XP level 4. HP: 29/32 MP: 3/7
  1533 | D:1      | Killed Robin
  1637 | D:2      | Reached skill level 1 in Hexes
  1858 | D:2      | Noticed Natasha
  1914 | D:2      | Killed Natasha
  1915 | D:2      | Gained mutation: You have hoof-like feet. [demonic
                  | ancestry]
  1915 | D:2      | Reached XP level 5. HP: 38/38 MP: 2/9
  2059 | D:2      | Noticed Natasha
  2065 | D:2      | Killed Natasha
  2245 | D:2      | Found a runed translucent door.
  2246 | D:2      | Noticed Crazy Yiuf
  2303 | D:2      | Noticed Natasha
  2308 | D:2      | Killed Natasha
  2407 | D:2      | Paralysed by Crazy Yiuf for 5 turns
  2410 | D:2      | Slain by Crazy Yiuf

Illustrated notes

Levels and vault maps discovered:
D:1:      wander_arrival_chamber, layout_basic
D:2:      layout_rooms, uniq_jessica, uniq_natasha, uniq_robin, uniq_terence,
          uniq_crazy_yiuf_cottage

Skill      XL: |  1  2  3  4  5 |
---------------+----------------+-----
Stealth        | 2 |  2.9
Dodging        | 2 |  2.7
Fighting       | 1 2 |  2.0
Hexes          | 1 |  1.4
Spellcasting   | |  2.8
Conjurations   | |  4.6

Action                     |  1- 3 |  4- 6 || total
---------------------------+-------+-------++-------
  Melee: Unarmed           |     2 |       ||     2
         Flail             |     1 |       ||     1
         Kick              |     1 |       ||     1
   Cast: Magic Dart        |    58 |    32 ||    90
         Searing Ray       |     2 |     5 ||     7
    Use: Potion            |     1 |       ||     1
 Armour: Robe              |       |     1 ||     1
  Dodge: Dodged            |    10 |     2 ||    12

Table legend: (Time is in decaauts)
 A = Elapsed time spent in this place.
 B = Non-inter-level travel time spent in this place.
 C = Inter-level travel time spent in this place.
 D = Time resting spent in this place.
 E = Time spent auto-exploring this place.
 F = Levels seen in this place.
 G = Mean time per level.
                   A        B        C        D        E       F      G
               +--------+--------+--------+--------+--------+-----+--------+
         Total |   2419 |   2370 |     49 |    576 |   1462 |   2 | 1209.5 |
       Dungeon |   2419 |   2370 |     49 |    576 |   1462 |   2 | 1209.5 |
               +--------+--------+--------+--------+--------+-----+--------+

Top non-repeatable levels by time:
     D:2: 1297 daAuts
     D:1: 1121 daAuts
